 Dungeon Crawl Stone Soup version 0.28-a0-305-g9e858e973b (webtiles) character file.

Game seed: 6457495744006654701

5314 ytrimaz the Protected (level 10, -11/135 HPs)
             Began as a Minotaur Berserker on Aug 29, 2021.
             Was an Elder of Trog.
             Mangled by Harold (17 damage)
             ... on level 9 of the Dungeon.
             The game lasted 00:11:35 (9654 turns).

ytrimaz the Protected (Minotaur Berserker)          Turns: 9654, Time: 00:11:36

Health: -11/135    AC: 10    Str: 25    XL:     10   Next: 37%
Magic:  9/9        EV: 11    Int:  4    God:    Trog [****..]
Gold:   342        SH:  0    Dex: 10    Spells: 9/9 levels left

rFire   . . .      SeeInvis .   z - +0 battleaxe
rCold   . . .      Faith    .   (shield currently unavailable)
rNeg    . . .      Spirit   .   n - +0 scale mail
rPois   .          Reflect  .   (helmet restricted)
rElec   .          Harm     .   (no cloak)
rCorr   .          Rampage  .   u - +0 pair of gloves
Will    .....                   (no boots)
Stlth   ..........              (no amulet)
HPRegen 0.32/turn               (no ring)
MPRegen 0.11/turn               (no ring)

@: berserking, marked, studying Stealth, very quick
A: horns 2, retaliatory headbutt
a: Renounce Religion, Berserk, Trog's Hand, Brothers in Arms


You were on level 9 of the Dungeon.
You worshipped Trog.
Trog was greatly pleased with you.
You visited 2 branches of the dungeon, and saw 10 of its levels.

You collected 412 gold pieces.
You spent 70 gold pieces at shops.

Inventory:

Hand Weapons
 a - a +0 hand axe
 z - a +0 battleaxe (weapon)
Armour
 n - a +0 scale mail (worn)
 u - a +0 pair of gloves (worn)
Wands
 o - a wand of mindburst (12)
 t - a wand of digging (5)
 y - a wand of flame (13)
Scrolls
 b - 2 scrolls of vulnerability
 d - 5 scrolls of teleportation
 g - 2 scrolls of amnesia {unknown}
 i - 3 scrolls of fog
 k - a scroll of enchant weapon {unknown}
 l - 2 scrolls of summoning {unknown}
 m - 2 scrolls of magic mapping {unknown}
 p - a scroll of noise {unknown}
 r - a scroll of silence {unknown}
 w - a scroll of fear {unknown}
 x - a scroll of immolation {unknown}
 A - a scroll of identify
Potions
 e - 3 potions of flight
 f - a potion of mutation
 h - 3 potions of might
 j - 2 potions of attraction {unknown}
 q - a potion of lignification {unknown}
 s - 2 potions of brilliance {unknown}


   Skills:
 + Level 8.9 Fighting
 + Level 11.0 Axes
 * Level 12.0 Armour
 + Level 4.9 Dodging


You had 9 spell levels left.
You didn't know any spells.
Your spell library was empty.

Dungeon Overview and Level Annotations

Branches:
Dungeon (9/15)             Temple (1/1) D:7            Lair (0/6) D:8
    Orc: D:9-12

Altars:
Ashenzari
Cheibriados
Elyvilon
Fedhas
Gozag
Hepliaklqana
Kikubaaqudgha
Makhleb
Nemelex Xobeh
Okawaru
Qazlal
Ru
Sif Muna
Trog
Uskayaw
Vehumet
Wu Jian
Xom
Yredelemnul
Zin
The Shining One

Shops:
D:2 ?   D:6 [

Annotations:
D:7 2 transporters
D:9 Harold


Innate Abilities, Weirdness & Mutations

You have a pair of horns on your head.
You reflexively headbutt those who attack you in melee.


Message History

Harold casts a spell at you. A sentinel's mark forms upon you.
You barely miss Harold.
Harold is heavily wounded.
Harold barely misses you. You furiously retaliate!
You headbutt Harold. You slash Harold!
Harold is almost dead.
Harold hits you with a +0 glaive! Harold casts a spell at you.
The mark upon you grows brighter.
You barely miss Harold. You headbutt Harold, but do no damage.
Harold is almost dead.
Harold hits you with a +0 glaive!
* * * LOW HITPOINT WARNING * * *
You barely miss Harold. You headbutt Harold!
Harold is almost dead.
Harold hits you with a +0 glaive!!
* * * LOW HITPOINT WARNING * * *
You feel much better. Harold hits you with a +0 glaive!!
* * * LOW HITPOINT WARNING * * *
You feel better. Harold hits you with a +0 glaive.
* * * LOW HITPOINT WARNING * * *
You feel better. Harold hits you with a +0 glaive!
* * * LOW HITPOINT WARNING * * *
You feel better. Harold casts a spell at you. The mark upon you grows brighter.
You feel better.
A gnoll shaman comes into view. It is wielding a +0 whip.
Harold hits you with a +0 glaive.
* * * LOW HITPOINT WARNING * * *
A red film seems to cover your vision as you go berserk!
You feel yourself moving faster!
You feel mighty!
A gnoll comes into view. It is wielding a +0 club.
Harold hits you with a +0 glaive!
* * * LOW HITPOINT WARNING * * *
You barely miss Harold. Your headbutt misses Harold.
Harold is almost dead.
Harold hits you with a +0 glaive!
You die...

#.# ## #.# .# #.#
g# #.#
.#############..
g##.............
#.'..##########..
###.### ##. #@@!#
#. ##### #. #. #.
##########.
#..........
######.^........
+.....<.[.......
######..........


You could see Harold, a gnoll shaman and a gnoll.

Vanquished Creatures
  A two-headed ogre (D:6)
  Pikel (D:4)
  A wyvern (D:9)
  Eustachio (D:6)
  9 yaks
  Grum (D:8)
  A steam dragon (D:4)
  An orc warrior (D:8)
  2 hornet zombies
  A black bear (D:6)
  2 sky beasts
  A necrophage (D:7)
  2 centaurs
  2 wolves (D:8)
  An ogre (D:6)
  2 bullfrogs
  A gnoll sergeant (D:8)
  A scorpion (D:5)
  A water moccasin zombie (D:6)
  3 wights (D:8)
  A bullfrog zombie (D:5)
  2 centaur zombies (D:8)
  2 jellies (D:6)
  5 orc priests
  A hound (D:5)
  Crazy Yiuf (D:6)
  Natasha (thrice) (D:2)
  4 iguanas
  5 orc wizards
  A killer bee zombie (D:6)
  A hound zombie (D:5)
  A howler monkey zombie (D:6)
  8 gnolls
  6 adders
  A howler monkey skeleton (D:6)
  A shadow imp (D:6)
  A white imp (D:7)
  3 ufetubi
  2 adder skeletons (D:4)
  2 dart slugs
  25 orcs
  9 ball pythons
  2 endoplasms
  6 giant cockroaches
  8 goblins
  2 hobgoblins
  2 jackals (D:5)
  3 quokkas
  2 bats (D:2)
  6 frilled lizards
  7 kobolds
  5 rats
163 creatures vanquished.

Vanquished Creatures (others)
  2 plants (D:1)
2 creatures vanquished.

Grand Total: 165 creatures vanquished

Notes
Turn   | Place    | Note
-------+----------+-------------------------------------------
     0 | D:1      | ytrimaz the Minotaur Berserker began the quest for the Orb.
     0 | D:1      | Reached XP level 1. HP: 19/19 MP: 0/0
   573 | D:1      | Reached XP level 2. HP: 27/27 MP: 1/1
  1086 | D:2      | Reached XP level 3. HP: 23/33 MP: 2/2
  1381 | D:2      | Found Zuimpics's Magic Scroll Boutique.
  1382 | D:2      | Reached skill level 3 in Armour
  1388 | D:2      | Bought a scroll of teleportation for 42 gold pieces
  1429 | D:2      | Noticed Natasha
  1432 | D:2      | Killed Natasha
  1586 | D:2      | Reached XP level 4. HP: 22/41 MP: 3/3
  1746 | D:2      | Noticed Natasha
  1753 | D:2      | Killed Natasha
  1803 | D:2      | Noticed Natasha
  1813 | D:2      | Killed Natasha
  1814 | D:2      | Reached skill level 5 in Axes
  2105 | D:2      | Bought a scroll of identify for 28 gold pieces
  2146 | D:3      | Found a faded altar of an unknown god.
  2298 | D:3      | Found a blossoming altar of Fedhas.
  2538 | D:3      | Reached skill level 5 in Fighting
  2538 | D:3      | Reached XP level 5. HP: 41/48 MP: 4/4
  2539 | D:3      | Reached ** piety under Trog
  2771 | D:3      | Reached skill level 4 in Armour
  3301 | D:4      | Found a radiant altar of Vehumet.
  3352 | D:4      | Found a white marble altar of Elyvilon.
  3357 | D:4      | Noticed a steam dragon
  3388 | D:4      | Killed a steam dragon
  3389 | D:4      | Reached XP level 6. HP: 52/56 MP: 5/5
  3590 | D:4      | Noticed Pikel
  3596 | D:4      | Killed Pikel
  3597 | D:4      | Reached skill level 6 in Armour
  3597 | D:4      | Reached XP level 7. HP: 37/63 MP: 6/6
  3845 | D:4      | Reached skill level 7 in Armour
  4142 | D:4      | Found a shimmering altar of Xom.
  4400 | D:5      | Entered Level 5 of the Dungeon
  4400 | D:5      | Noticed a yak
  4401 | D:5      | Noticed a yak
  4401 | D:5      | Noticed a yak
  4401 | D:5      | Noticed a yak
  4401 | D:5      | Noticed a yak
  4401 | D:5      | Noticed a yak
  4416 | D:5      | Killed a yak
  4417 | D:5      | Reached XP level 8. HP: 57/71 MP: 7/7
  4571 | D:5      | Reached skill level 8 in Armour
  4584 | D:5      | Reached skill level 9 in Armour
  4975 | D:5      | Reached XP level 9. HP: 79/79 MP: 8/8
  5069 | D:5      | Found a shimmering blue altar of Sif Muna.
  5096 | D:5      | Found a bloodstained altar of Trog.
  5161 | D:5      | Found an opulent altar of Gozag.
  5497 | D:6      | Identified the +0 robe of Sabbomarph {rCorr Int+3}
  5758 | D:6      | Found a sparkling altar of Nemelex Xobeh.
  5980 | D:6      | Reached skill level 10 in Armour
  6193 | D:6      | Found Wirieh's Antique Armour Shoppe.
  6322 | D:6      | Found a runed translucent door.
  6323 | D:6      | Noticed Crazy Yiuf
  6329 | D:6      | Killed Crazy Yiuf
  6455 | D:6      | Noticed a two-headed ogre
  6464 | D:6      | Killed a two-headed ogre
  6464 | D:6      | Reached *** piety under Trog
  6465 | D:6      | Reached skill level 10 in Axes
  6465 | D:6      | Reached skill level 11 in Armour
  6690 | D:6      | Noticed Eustachio
  6713 | D:6      | Killed Eustachio
  7173 | D:7      | Found a transporter.
  7177 | D:7      | Reached XP level 10. HP: 90/90 MP: 9/9
  7347 | D:7      | Found a staircase to the Ecumenical Temple.
  7355 | Temple   | Entered the Ecumenical Temple
  7774 | D:7      | Found a snail-covered altar of Cheibriados.
  7952 | D:7      | Found a glowing silver altar of Zin.
  7971 | D:7      | Found a transporter.
  7995 | D:8      | Found a staircase to the Lair.
  8037 | D:8      | Noticed Grum
  8054 | D:8      | Killed Grum
  8765 | D:8      | Reached **** piety under Trog
  8977 | D:8      | Found a burning altar of Makhleb.
  9038 | D:8      | Found an ornate altar of the Wu Jian Council.
  9468 | D:9      | Reached skill level 12 in Armour
  9636 | D:9      | Noticed Harold
  9647 | D:9      | HP: 4/90 [Harold (23)]
  9653 | D:9      | HP: 5/135 [Harold (13)]
  9654 | D:9      | Mangled by Harold

Illustrated notes

Levels and vault maps discovered:
D:1:      wander_arrival_abandoned_jail, layout_loops_corners, serial_bayou,
          serial_bayou_lagoon_b, serial_bayou_lake_a, serial_bayou_shore_b,
          serial_bayou_crossing
D:2:      layout_rooms, serial_shops, nicolae_shop_behind_doors, st_stairs_7,
          uniq_natasha
D:3:      layout_basic, mainiacjoe_overflow_small_starburst,
          ebering_ecumenical_altar_rust
D:4:      layout_gridville, mainiacjoe_overflow_concentric_impassable,
          lemuel_tele_altar, nicolae_elyvilon_peaceful_grove, uniq_pikel
D:5:      layout_rooms, led_sif_pool, mainiacjoe_overflow_surrounded_room,
          kennysheep_mini, serial_curves, eino_curves_02, eino_curves_02
D:6:      layout_loops_cross, nemelex_diamond_rough_becter, serial_shops,
          kennysheep_little_box, minmay_manual_mess, uniq_crazy_yiuf_cottage,
          uniq_eustachio
D:7:      gammafunk_cloud_chamber, layout_loops_ring,
          mainiacjoe_overflow_alcove_2, lemuel_doored_altar,
          minmay_temple_entry_overgrown
D:8:      layout_basic, mainiacjoe_overflow_catwalk,
          nicolae_overflow_hidden_temple, dpeg_oklobed_lair, uniq_grum
D:9:      layout_roguey, nicolae_dithmenos_through_a_glass_darkly,
          kennysheep_generic_room_3, uniq_joseph, uniq_harold
Temple:   dpeg_three_leaves_temple

Skill      XL: |  1  2  3  4  5  6  7  8  9 10 |
---------------+-------------------------------+-----
Fighting       | 4 5 6 7 8 |  8.9
Axes           | 4 5 6 7 8 10 11 | 11.0
Armour         | 3 4 6 7 9 11 12 | 12.0
Dodging        | 3 4 |  4.9

Action                   |  1- 3 |  4- 6 |  7- 9 | 10-12 || total
-------------------------+-------+-------+-------+-------++-------
Melee: Hand axe          |    50 |    87 |   193 |   107 ||   437
       Headbutt          |     5 |    11 |    46 |    32 ||    94
       Battleaxe         |       |       |       |    39 ||    39
Invok: Berserk           |       |     4 |     3 |     2 ||     9
       Trog's Hand       |       |     1 |     1 |       ||     2
  Use: Scroll            |       |     4 |     1 |     2 ||     7
       Potion            |       |       |     2 |     5 ||     7
Armor: Animal skin       |     5 |       |       |       ||     5
       Leather armour    |     5 |    11 |       |       ||    16
       Scale mail        |       |    20 |    76 |    62 ||   158
Dodge: Dodged            |    39 |    52 |   101 |    75 ||   267

Table legend: (Time is in decaauts)
 A = Elapsed time spent in this place.
 B = Non-inter-level travel time spent in this place.
 C = Inter-level travel time spent in this place.
 D = Time resting spent in this place.
 E = Time spent auto-exploring this place.
 F = Levels seen in this place.
 G = Mean time per level.
                   A        B        C        D        E       F      G
               +--------+--------+--------+--------+--------+-----+--------+
         Total |   9786 |   9573 |    213 |   2002 |   6241 |  10 |  978.6 |
       Dungeon |   9705 |   9506 |    199 |   2002 |   6183 |   9 | 1078.3 |
        Temple |     80 |     66 |     14 |      0 |     58 |   1 |   80.0 |
               +--------+--------+--------+--------+--------+-----+--------+

Top non-repeatable levels by time:
     D:6: 1735 daAuts
     D:8: 1429 daAuts
     D:4: 1286 daAuts
     D:3: 1176 daAuts
     D:1: 1158 daAuts
     D:2: 1077 daAuts
     D:5: 884 daAuts
     D:7: 730 daAuts
     D:9: 227 daAuts
  Temple: 80 daAuts
